 Dungeon Crawl Stone Soup version 0.19.0-2-gae57169 (webtiles) character file.

4202 kae the Basher (level 10, 0/84 HPs)
             Began as a Formicid Fighter on Nov 5, 2016.
             Was a Believer of Okawaru.
             Slain by a hill giant
             ... wielding a +0 giant club
              (14 damage)
             ... on level 9 of the Dungeon.
             The game lasted 00:06:56 (6279 turns).

kae the Basher (Formicid Fighter)                   Turns: 6279, Time: 00:06:56

Health: 0/84       AC: 23    Str: 29    XL:     10   Next: 54%
Magic:  0/10       EV:  9    Int:  9    God:    Okawaru [**....]
Gold:   576        SH: 12    Dex: 10    Spells: 0 memorised, 9 levels left

rFire  . . .     SeeInvis +     p - +2 mace (protect)
rCold  . . .     Gourm    .     q - +1 plate armour
rNeg   . . .     Faith    .     c - +0 shield
rPois  .         Spirit   +     (helmet unavailable)
rElec  .         Reflect  .     o - +0 cloak
rCorr  .         Harm     .     (no gloves)
MR     +....                    (no boots)
Stlth  ..........               r - amulet of guardian spirit
                                w - ring of stealth
                                M - +6 ring of strength

@: heroism, protection aura
A: permanent stasis, dig shafts and tunnels, four strong arms, antennae 3
a: Dig, Shaft Self, Heroism, Renounce Religion


You were on level 9 of the Dungeon.
You worshipped Okawaru.
Okawaru was pleased with you.
You were not hungry.

You visited 2 branches of the dungeon, and saw 10 of its levels.

You collected 576 gold pieces.

Inventory:

Hand Weapons
 a - a +0 flail
 p - a +2 mace of protection (weapon)
Armour
 b - a +0 scale mail
 c - a +0 shield (worn)
 o - a +0 cloak (worn)
 q - a +1 plate armour (worn)
Jewellery
 n - a +2 ring of intelligence
 r - an amulet of guardian spirit (around neck)
 w - a ring of stealth (right hand)
 y - an uncursed ring of stealth
 M - a +6 ring of strength (left hand)
Wands
 v - a wand of digging (12/24)
 z - a wand of lightning (6/15)
 H - a wand of acid (8/15)
 N - a wand of flame (25/48)
Scrolls
 e - a scroll of enchant weapon
 g - 4 scrolls of noise
 j - 5 scrolls of remove curse
 B - a scroll of fog
 E - a scroll of enchant armour
Potions
 d - a potion of mutation
 h - 2 potions of magic
 i - 6 potions of curing
 k - 4 potions of lignification
 m - a potion of brilliance
 u - 4 potions of heal wounds
 A - a potion of berserk rage {unknown}
 C - a potion of flight {unknown}
 G - 3 potions of ambrosia
 J - 2 potions of invisibility
 O - 3 potions of degeneration {unknown}
Books
 x - a book of Cantrips

   Spells                             Type                      Level
   a - Confusing Touch                Hexes                        1
   b - Animate Skeleton               Necromancy                   1
   c - Summon Small Mammal            Summoning                    1
   d - Apportation                    Translocation                1
Comestibles
 f - 10 bread rations
 s - a slice of pizza
 t - 3 meat rations
 I - 2 royal jellies
 K - 27 fruits


   Skills:
 - Level 9.6(14.6) Fighting
 * Level 12.0(17.0) Maces & Flails
 - Level 3.2(8.2) Armour
 - Level 3.6(8.6) Shields
 + Level 0.5 Invocations


You had 9 spell levels left.
You didn't know any spells.

Dungeon Overview and Level Annotations

Branches:
Dungeon (9/15)             Temple (1/1) D:5
   Lair: D:8-11         Orc: D:9-12

Altars:
Ashenzari
Cheibriados
Dithmenos
Elyvilon
Fedhas
Gozag
Hepliaklqana
Kikubaaqudgha
Makhleb
Nemelex Xobeh
Okawaru
Qazlal
Ru
Sif Muna
Trog
Uskayaw
Vehumet
Xom
Yredelemnul
Zin
The Shining One

Shops:
D:5 :


Innate Abilities, Weirdness & Mutations

You are under a permanent stasis effect.
You can dig through walls and to a lower floor.
Your four strong arms can wield two-handed weapons with a shield.
You have a pair of large antennae on your head. (SInv)


Message History

Okawaru accepts your kill.
Your base Maces & Flails skill increases to level 12!
You hit the hill giant but do no damage.
The hill giant is lightly wounded.
The hill giant hits you with a giant club.
You hit the hill giant.
The hill giant is moderately wounded.
You barely miss the hill giant.
The hill giant is moderately wounded.
The hill giant hits you but does no damage.
You hit the hill giant.
The hill giant is moderately wounded.
You hit the hill giant.
The hill giant is moderately wounded.
The hill giant hits you with a giant club!
* * * LOW HITPOINT WARNING * * *
You hit the hill giant.
The hill giant is moderately wounded.
The hill giant hits you with a giant club!
You die...

##### ...+
#..# ###
######..# ..##
#...##..##...+
#....'..#....#
##..##.((@).#
##(.######C.#
#...## #'#
#....# .+ {
##...# #
##.(<# #<..##
##..# ####


You could see a hill giant.

Vanquished Creatures
  The ghost of Philosophy the Archer, an amateur CeHu of Okawaru (D:3)
  A two-headed ogre (D:8)
  A hippogriff (D:8)
  A hungry ghost (D:7)
  A water moccasin (D:8)
  An ice beast (D:8)
  2 orc warriors
  A black bear (D:8)
  A phantom (D:7)
  A sky beast (D:8)
  5 ogres
  A necrophage (D:7)
  5 centaurs
  A big kobold (D:8)
  7 bullfrogs
  A scorpion (D:8)
  9 wights (D:8)
  3 howler monkeys (D:8)
  2 crimson imps
  A jelly (D:7)
  2 hounds
  A centaur skeleton (D:9)
  2 iguanas (D:4)
  2 orc priests (D:3)
  6 orc wizards
  4 worker ants
  A hound zombie (D:9)
  A hound skeleton (D:7)
  8 gnolls
  12 adders
  An ooze (D:2)
  An adder skeleton (D:7)
  An adder zombie (D:3)
  6 dart slugs
  5 leopard geckos
  18 orcs
  A ball python (D:1)
  4 bats
  7 giant cockroaches
  3 goblins
  6 hobgoblins
  3 jackals (D:1)
  3 quokkas
  4 frilled lizards
  8 kobolds
  A leopard gecko zombie (D:6)
  A quokka skeleton (D:4)
  3 rats
  A spectral orc (D:8)
162 creatures vanquished.

Notes
Turn   | Place    | Note
-------+----------+-------------------------------------------
     0 | D:1      | kae the Formicid Fighter began the quest for the Orb.
     0 | D:1      | Reached XP level 1. HP: 18/18 MP: 1/1
    37 | D:1      | Reached XP level 2. HP: 17/24 MP: 2/2
   125 | D:1      | Reached XP level 3. HP: 22/29 MP: 3/3
   128 | D:1      | Reached skill level 3 in Maces & Flails
   589 | D:2      | Reached XP level 4. HP: 33/37 MP: 4/4
  1058 | D:3      | Noticed Philosophy's ghost (amateur CeHu)
  1099 | D:3      | Killed Philosophy's ghost
  1099 | D:3      | Reached skill level 5 in Fighting
  1099 | D:3      | Reached skill level 5 in Maces & Flails
  1099 | D:3      | Reached XP level 5. HP: 22/44 MP: 5/5
  1099 | D:3      | Reached XP level 6. HP: 26/51 MP: 6/6
  1372 | D:3      | Found a blossoming altar of Fedhas.
  1426 | D:3      | Reached XP level 7. HP: 39/56 MP: 7/7
  1603 | D:3      | Found a sacrificial altar of Ru.
  1950 | D:3      | Reached skill level 6 in Maces & Flails
  2060 | D:3      | Found a glowing golden altar of the Shining One.
  2460 | D:4      | Reached XP level 8. HP: 36/64 MP: 8/8
  2653 | D:4      | Found a deep blue altar of Sif Muna.
  2667 | D:4      | Reached skill level 7 in Maces & Flails
  3131 | D:5      | Entered Level 5 of the Dungeon
  3209 | D:5      | Reached skill level 8 in Maces & Flails
  3416 | D:5      | Found Monunu's Book Shoppe.
  3424 | D:5      | Found a radiant altar of Vehumet.
  3572 | D:5      | Found a staircase to the Ecumenical Temple.
  3674 | D:5      | Found a bloodstained altar of Trog.
  3771 | Temple   | Entered the Ecumenical Temple
  3863 | Temple   | Became a worshipper of Warmaster Okawaru
  4194 | D:6      | Reached XP level 9. HP: 58/72 MP: 7/9
  4269 | D:6      | Found a snail-covered altar of Cheibriados.
  4491 | D:6      | Reached skill level 9 in Maces & Flails
  4615 | D:7      | Found a burning altar of Makhleb.
  4746 | D:7      | Found a shimmering altar of Xom.
  4798 | D:7      | Reached * piety under Okawaru
  4886 | D:7      | Reached skill level 10 in Maces & Flails
  4892 | D:7      | Found a shadowy altar of Dithmenos.
  4919 | D:7      | Found an opulent altar of Gozag.
  5021 | D:7      | Found a white marble altar of Elyvilon.
  5453 | D:8      | Reached XP level 10. HP: 62/82 MP: 8/10
  5472 | D:8      | Reached ** piety under Okawaru
  5472 | D:8      | Reached skill level 11 in Maces & Flails
  5797 | D:8      | Found a basalt altar of Yredelemnul.
  6264 | D:9      | Noticed a hill giant
  6273 | D:9      | Reached skill level 12 in Maces & Flails
  6279 | D:9      | Slain by a hill giant

Skill      XL: |  1  2  3  4  5  6  7  8  9 10 |
---------------+-------------------------------+-----
Maces & Flails | 3 5 6 8 10 12 | 12.0
Fighting       | 4 5 6 7 8 9 |  9.6
Armour         | |  3.2
Shields        | |  3.6
Invocations    | |  0.5

Action                   |  1- 3 |  4- 6 |  7- 9 | 10-12 || total
-------------------------+-------+-------+-------+-------++-------
Melee: Flail             |    81 |    29 |       |       ||   110
       Mace              |       |    84 |   513 |   158 ||   755
Invok: Heroism           |       |       |       |     1 ||     1
 Abil: Dig               |       |     2 |     2 |       ||     4
  Use: Scroll            |       |       |    15 |     6 ||    21
       Potion            |       |       |     1 |       ||     1
  Eat: Chunk             |       |     2 |    13 |     3 ||    18
       Fruit             |       |       |     2 |       ||     2
       Beef jerky        |       |       |     1 |       ||     1
Armor: Scale mail        |    28 |     7 |       |       ||    35
       Plate armour      |       |    42 |   286 |    93 ||   421
Dodge: Dodged            |    21 |    26 |    74 |    24 ||   145
Block: Shield            |    51 |    57 |   234 |    54 ||   396
